 Dungeon Crawl Stone Soup version 0.27.0-1-g7a089689b8 (webtiles) character file.

Game seed: 6119923763718505782

16 Majang the Sneak (level 2, 0/24 HPs)
             Began as a Demonspawn Delver on Aug 13, 2021.
             Was an Initiate of Makhleb.
             Slain by a quokka (2 damage)
             ... on level 1 of the Dungeon.
             The game lasted 00:04:20 (721 turns).

Majang the Sneak (Demonspawn Delver)                 Turns: 721, Time: 00:04:21

Health: 0/24       AC:  3    Str: 12    XL:     2   Next: 37%
Magic:  2/2        EV: 11    Int: 11    God:    Makhleb [......]
Gold:   46         SH:  0    Dex: 14    Spells: 1/1 levels left

rFire    . . .     SeeInvis .     - Unarmed
rCold    . . .     Faith    .   (no shield)
rNeg     + . .     Spirit   .   a - +0 leather armour
rPois    .         Reflect  .   (no helmet)
rElec    .         Harm     .   (no cloak)
rCorr    .         Rampage  .   (no gloves)
Will     .....                  (no boots)
Stlth    ++........             (no amulet)
HPRegen  0.08/turn              g - ring of positive energy
MPRegen  0.08/turn              (no ring)

@: hasted, very quick
A: powered by pain 1
a: Renounce Religion


You were on level 1 of the Dungeon.
You worshipped Makhleb.
Makhleb was noncommittal.
You visited 2 branches of the dungeon, and saw 6 of its levels.

You collected 46 gold pieces.

Inventory:

Missiles
 i - 8 boomerangs (quivered)
Armour
 a - a +0 leather armour (worn)
Jewellery
 g - a ring of positive energy (left hand)
Wands
 f - a wand of digging (3)
Scrolls
 c - a scroll of magic mapping
Potions
 h - 2 potions of heal wounds {unknown}


   Skills:
 + Level 3.2 Fighting
 - Level 1.7 Dodging
 - Level 4.5 Stealth
 * Level 2.5 Unarmed Combat


You had one spell level left.
You didn't know any spells.
Your spell library contained the following spells:

 Spells                   Type           Power      Damage    Failure   Level
 Animate Skeleton         Necr           0%         N/A       41%         1
 Apportation              Tloc           0%         N/A       41%         1
 Corona                   Hex            0%         N/A       41%         1
 Sandblast                Erth           0%         2d4       41%         1
 Summon Small Mammal      Summ           0%         N/A       41%         1
 Passwall                 Tmut/Erth      0%         N/A       56%         2
 Lee's Rapid Deconstruct  Erth           0%         3d5*      100%        5


Dungeon Overview and Level Annotations

Branches:
Dungeon (5/15)             Temple (1/1) D:4

Altars:
Fedhas
Hepliaklqana
Kikubaaqudgha
Makhleb
Ru
Sif Muna
Yredelemnul
Zin
Lugonu


Innate Abilities, Weirdness & Mutations

You sometimes gain a little power by taking damage.


Message History

You hit the endoplasm but do no damage. You punch the endoplasm.
You kill the endoplasm!
Makhleb accepts your kill.
Unknown command.
You start resting.
A quokka is nearby!
As you read the scroll of fog, it crumbles to dust.
The scroll dissolves into smoke.
You start resting.
A quokka is nearby!
You start resting.
Okay, then.
You feel yourself speed up.
You miss the quokka. You closely miss the quokka.
The quokka bites you but does no damage.
You barely miss the quokka. The quokka misses you.
You closely miss the quokka. The quokka misses you.
You barely miss the quokka.
The frilled lizard hisses angrily.
You barely miss the quokka. The quokka barely misses you.
You closely miss the quokka. The quokka bites you.
* * * LOW HITPOINT WARNING * * *
You hit the quokka but do no damage. The quokka bites you.
* * * LOW HITPOINT WARNING * * *
You closely miss the quokka. You hit the quokka.
The quokka is heavily wounded.
The quokka bites you.
* * * LOW HITPOINT WARNING * * *
You miss the quokka.
The quokka is heavily wounded.
The quokka barely misses you.
You barely miss the quokka.
The quokka is heavily wounded.
The quokka misses you.
You hit the quokka but do no damage.
The quokka is heavily wounded.
The quokka bites you.
You die...

###### ########
#...@# #......###
#..lr# #......#..
#....# #.........
####....#
#####.##.# .. #
#.......#
#######.##.#
#...#.#.#..†###
#....#..##.#
....l.......#
#.#....###.# ...
..#.##....#
#.#..#####.#
....#...##.#?######
#.#...(....#


You could see a quokka and a frilled lizard.

Vanquished Creatures
  A dart slug (D:4)
  A bat (D:1)
  An endoplasm (D:1)
  2 goblins (D:1)
  A hobgoblin (D:1)
  A kobold (D:1)
  4 ball pythons (D:1)
  2 rats
13 creatures vanquished.

Notes
Turn   | Place    | Note
-------+----------+-------------------------------------------
     0 | D:5      | Majang the Demonspawn Delver began the quest for the Orb.
     0 | D:5      | Reached XP level 1. HP: 18/18 MP: 1/1
     4 | D:5      | Noticed a hound
    22 | D:4      | Found a staircase to the Ecumenical Temple.
    31 | Temple   | Entered the Ecumenical Temple
    50 | Temple   | Became a worshipper of Makhleb the Destroyer
   438 | D:1      | Gained mutation: You sometimes gain a little power by
                  | taking damage. [demonic ancestry]
   438 | D:1      | Reached XP level 2. HP: 24/24 MP: 2/2
   562 | D:1      | Found a faded altar of an unknown god.
   721 | D:1      | Slain by a quokka

Illustrated notes

Levels and vault maps discovered:
D:1:      ncdulo_watergridlock, layout_basic, hellmonk_ecumenical_altar_run_dry
D:2:      layout_basic, kennysheep_potato
D:3:      cheibrodos_pilgrimage, layout_rooms, serial_shops, shop_statue,
          uniq_natasha, uniq_purgy
D:4:      layout_cave_pools, grunt_temple_overflow_open,
          minmay_temple_entry_waves, minmay_snake_closets
D:5:      layout_loops_ring, nicolae_overflow_crystal_walls,
          pdpol_wu_jian_five_deadly_venoms, serial_shops,
          nicolae_shop_behind_doors, hangedman_decor_growths, st_stairs_10
Temple:   corrupted_temple

Skill      XL: |  1 |
---------------+----+-----
Unarmed Combat | 2 |  2.5
Fighting       | |  3.2
Dodging        | |  1.7
Stealth        | |  4.5

Action                   || total
-------------------------++-------
Melee: Unarmed           ||    60
       Punch             ||     1
  Use: Scroll            ||     2
       Potion            ||     1
 Stab: Sleeping          ||     2
Armor: Leather armour    ||    27
Dodge: Dodged            ||    36
